 Dungeon Crawl Stone Soup version 0.29-a0-284-gf9362112df (webtiles) character file.

Game seed: 4440605536310819329

8683 siradein the Arsonist (level 11, -3/88 HPs)
             Began as a Green Draconian Fire Elementalist on Mar 21, 2022.
             Was a Priest of Vehumet.
             Slain by a boulder beetle (28 damage)
             ... on level 10 of the Dungeon.
             The game lasted 01:20:11 (11337 turns).

siradein the Arsonist (DrFE)                       Turns: 11337, Time: 01:20:11

Health: -3/88      AC:  7    Str: 11    XL:     11   Next: 13%
Magic:  19/22      EV: 17    Int: 20    God:    Vehumet [***...]
Gold:   527        SH:  7    Dex: 11    Spells: 5/25 levels left

rFire   . . .      SeeInvis +   v - +1 trident
rCold   . . .      Faith    .   N - +3 buckler {reflect}
rNeg    . . .      Spirit   .   (body armour unavailable)
rPois   +          Reflect  +   (helmet restricted)
rElec   .          Harm     .   (no cloak)
rCorr   .          Rampage  .   (no gloves)
Will    .....                   (no boots)
Stlth   ++........              K - amulet of magic regeneration
HPRegen 0.24/turn               d - +4 ring of evasion
MPRegen 0.58/turn               m - ring of see invisible

@: short of breath
A: breathe noxious fumes, AC +7, unfitting armour, poison resistance,
cold-blooded
a: Breathe Noxious Fumes, Renounce Religion


You were on level 10 of the Dungeon.
You worshipped Vehumet.
Vehumet was most pleased with you.
You visited 2 branches of the dungeon, and saw 11 of its levels.
You also visited: Bailey.

You collected 827 gold pieces.
You spent 300 gold pieces at shops.

Inventory:

Hand Weapons
 v - a +1 trident (weapon)
 E - the +8 scimitar of Discord {antimagic, rElec Str+3}
   (You found it on level 6 of the Dungeon)

   It reduces the magical energy of the wielder, and disrupts the spells and
   magical abilities of those it strikes.
   Natural abilities and divine invocations are not affected.
   Str:       It affects your strength (+3).
   rElec:     It insulates you from electricity.
 L - the +8 dire flail of the Sun {venom, Dex+2}
   (You took it off an ogre on level 3 of the Dungeon)

   It poisons the flesh of those it strikes.
   Dex:       It affects your dexterity (+2).
Armour
 N - a +3 buckler of reflection (worn)
Magical Staves
 M - a staff of air
Jewellery
 d - a +4 ring of evasion (left hand)
 k - a ring of flight
 m - a ring of see invisible (right hand)
 x - a +4 ring of slaying
 y - a ring of willpower
 B - a +4 ring of slaying
 G - a ring of resist corrosion
 K - an amulet of magic regeneration (around neck)
Wands
 s - a wand of flame (24)
 w - a wand of iceblast (2)
 C - a wand of paralysis (14)
 D - a wand of charming (4)
Scrolls
 c - a scroll of brand weapon {unknown}
 g - a scroll of magic mapping {unknown}
 i - 4 scrolls of blinking
 l - 7 scrolls of teleportation
 n - a scroll of enchant weapon
 z - a scroll of silence {unknown}
 F - a scroll of fear {unknown}
 I - a scroll of amnesia {unknown}
Potions
 a - a potion of magic
 e - 4 potions of might
 f - a potion of berserk rage {unknown}
 h - 3 potions of lignification
 j - 4 potions of brilliance
 o - 3 potions of curing {unknown}
 p - 4 potions of heal wounds
 q - 2 potions of mutation {unknown}
 r - a potion of haste {unknown}
 t - a potion of cancellation {unknown}
 u - 2 potions of attraction {unknown}
 A - 2 potions of flight {unknown}


   Skills:
 + Level 5.3 Fighting
 + Level 5.0 Dodging
 - Level 1.7 Stealth
 + Level 2.8 Shields
 + Level 7.5 Spellcasting
 + Level 5.1 Conjurations
 - Level 4.1 Hexes
 * Level 11.6 Fire Magic
 + Level 1.5 Poison Magic


You had 5 spell levels left.
You knew the following spells:

 Your Spells              Type           Power      Damage    Failure   Level
a - Foxfire               Conj/Fire      100%       2x1d9     1%          1
b - Scorch                Fire           100%       2d10      1%          2
c - Inner Flame           Hex/Fire       39%        N/A       1%          3
d - Flame Wave            Conj/Fire      41%        2d9       1%          4
e - Conjure Flame         Conj/Fire      41%        6-21      1%          3
f - Ignite Poison         Fire/Tmut/Pois 25%        N/A       1%          3
g - Olgreb's Toxic Radia  Pois           13%        N/A       17%         4

Your spell library contained the following spells:

 Spells                   Type           Power      Damage    Failure   Level
 Ensorcelled Hibernation  Hex/Ice        30%        N/A       8%          2
 Beastly Appendage        Tmut           14%        N/A       12%         1
 Passwall                 Tmut/Erth      5%         N/A       19%         2
 Wereblood                Tmut           7%         N/A       19%         2
 Cause Fear               Hex            12%        N/A       22%         4
 Spider Form              Tmut/Pois      10%        N/A       26%         3
 Swiftness                Air            7%         N/A       34%         3
 Dragon Form              Tmut           3%         N/A       100%        7
 Dragon's Call            Summ           3%         N/A       100%        9


Dungeon Overview and Level Annotations

Branches:
Dungeon (10/15)            Temple (1/1) D:5            Lair (0/6) D:9
 Bailey (visited)
    Orc: D:9-12

Altars:
Ashenzari
Elyvilon
Fedhas
Gozag
Kikubaaqudgha
Makhleb
Nemelex Xobeh
Okawaru
Qazlal
Ru
Trog
Vehumet
Wu Jian
Xom
Yredelemnul
Zin

Shops:
D:6 *   D:9 (

Annotations:
D:10 4 runed translucent doors


Innate Abilities, Weirdness & Mutations

You can breathe blasts of noxious fumes.
Your lurid green scales are hard. (AC +7)
You cannot fit into any form of body armour.
Your system is resistant to poisons. (rPois)
You are cold-blooded and may be slowed by cold attacks.


Message History

The manticore is lightly wounded.
The manticore is engulfed in noxious fumes.
The manticore appears confused.
The manticore is filled with an inner flame.
The manticore is engulfed in noxious fumes.
The manticore is engulfed in noxious fumes.
The manticore appears confused.
Casting: Inner Flame (safe; 1% risk of failure)
Confirm with . or Enter, or press ? or * to list all spells.
Flames lash the manticore.
Flame seeps out of the manticore.
The manticore is moderately wounded.
The manticore's fire resistance burns away.
The manticore is engulfed in blazing flames.
Flame seeps out of the manticore.
Unknown command.
Casting: Scorch (safe; 1% risk of failure)
Confirm with . or Enter, or press ? or * to list all spells.
You ignite the poison in your surroundings!
Unknown command.
Unknown command.
Casting: Ignite Poison (safe; 1% risk of failure)
Confirm with . or Enter, or press ? or * to list all spells.
You conjure some foxfire!
The foxfire hits the manticore.
The manticore is burned terribly!
Flame seeps out of the manticore.
The manticore is heavily wounded.
The manticore is engulfed in blazing flames.
Flame seeps out of the manticore.
The manticore is no longer more vulnerable to fire.
The foxfire hits the manticore but does no damage.
The manticore is almost dead.
Unknown command.
The boulder beetle hits you!!!
Ouch! That really hurt!
* * * LOW HITPOINT WARNING * * *
The boulder beetle stops rolling and uncurls.
There is a stone staircase leading up, spattered with blood here.
The boulder beetle attacks as you move away!
The boulder beetle bites you!!
You die...

.)...)))))))))...####.###########
###############..# #.# ### Q.
.#######.#.# #.# ##.# #.
#.+Dcc+.##H# #.# ##..#
###CCu####.####.# #.... ##cHQ#
#..##...# #.##.
#u#TQc###.....#.#######.##.
"###+###.B.#>..............
#Z##.###°#@.#...........##. $ #.
#.○##)#...........##.
#.##.○.....<.........### .. ..#
#.°####...........## # #. u..?
.##..# #...........# # #.# ...
#.#...## #...........#### ##. ?..
.##.#..# #.....###.......
.#.##H##.#..##.###....## ########
[##.#B#.##.###.....#..# ###


You could see a boulder beetle and a manticore (inner flame, confused).

Vanquished Creatures
  A two-headed ogre (D:9)
  A tengu warrior (D:10)
  Pikel (D:9)
  An orc knight (Bailey)
  Joseph (D:7)
  The ghost of horus123 the Poker, an amateur MfGl (D:3)
  A meliai (D:10)
  6 yaks
  The ghost of yunder69 the Slasher, an amateur MiBe of Wu Jian (D:4)
  2 wyverns
  2 steam dragons (D:7)
  Menkaure (D:7)
  Duvessa (D:7)
  An acid dragon (D:10)
  2 water moccasins
  A sky beast (D:6)
  7 orc warriors
  4 ogres
  3 centaurs
  2 lemures (D:9)
  3 kobold brigands
  4 bullfrogs
  A necrophage (D:8)
  A gnoll sergeant (D:9)
  6 scorpions
  Dowan (D:7)
  4 killer bees (D:10)
  5 howler monkeys
  An electric eel (D:6)
  A centaur zombie (D:4)
  A bullfrog zombie (D:4)
  3 hounds
  3 jellies
  A bullfrog skeleton (D:4)
  6 orc priests
  A gnoll shaman (D:5)
  6 orc wizards
  5 iguanas
  10 gnolls
  7 adders
  A worm (D:2)
  14 dart slugs
  52 orcs
  6 endoplasms
  7 giant cockroaches
  12 goblins
  6 hobgoblins
  4 jackals
  7 quokkas
  10 ball pythons
  3 bats
  5 frilled lizards
  20 kobolds
  7 rats
  A butterfly (D:5)
265 creatures vanquished.

Vanquished Creatures (others)
  352 foxfires
352 creatures vanquished.

Grand Total: 617 creatures vanquished

Notes
Turn   | Place    | Note
-------+----------+-------------------------------------------
     0 | D:1      | siradein the Draconian Fire Elementalist began the quest
                  | for the Orb.
     0 | D:1      | Reached XP level 1. HP: 14/14 MP: 3/3
   298 | D:1      | Reached XP level 2. HP: 14/20 MP: 1/5
   816 | D:1      | Reached XP level 3. HP: 26/26 MP: 3/6
   819 | D:1      | Learned a level 2 spell: Scorch
   823 | D:1      | Learned a level 3 spell: Inner Flame
   992 | D:1      | Reached skill level 4 in Fire Magic
  2183 | D:2      | Found a faded altar of an unknown god.
  2260 | D:2      | Reached XP level 4. HP: 33/33 MP: 3/8
  2690 | D:3      | Found a transporter.
  2692 | D:3      | Found a transporter.
  2697 | D:3      | Noticed horus123's ghost (amateur MfGl)
  2698 | D:3      | Identified the +8 dire flail of the Sun {venom, Dex+2}
  2698 | D:3      | Noticed an ogre
  2742 | D:3      | You are sucked into a shaft and drop 3 floors!
  2764 | D:6      | Found Saenall's Neck Hole.
  2764 | D:6      | Noticed a scorpion
  2894 | D:6      | Found an opulent altar of Gozag.
  2950 | D:6      | Noticed a sky beast
  3018 | D:6      | Noticed a scorpion
  3024 | D:6      | Killed a scorpion
  3025 | D:6      | Reached skill level 5 in Fire Magic
  3025 | D:6      | Reached XP level 5. HP: 38/38 MP: 3/9
  3177 | D:6      | Reached XP level 6. HP: 45/45 MP: 4/11
  3204 | D:6      | Reached skill level 6 in Fire Magic
  3238 | D:6      | Killed a sky beast
  3385 | D:6      | Noticed a water moccasin
  3392 | D:6      | Killed a water moccasin
  3393 | D:6      | Your scales start taking on a lurid green colour.
  3393 | D:6      | Reached XP level 7. HP: 40/50 MP: 4/13
  3393 | D:6      | Gained mutation: Your system is resistant to poisons.
                  | (rPois) [Green Draconian growth]
  3515 | D:6      | Identified the +1 robe "Amyos" {Rampage Int+4}
  3657 | D:6      | Reached skill level 7 in Fire Magic
  3659 | D:5      | Entered Level 5 of the Dungeon
  3824 | D:5      | Found a shimmering altar of Xom.
  3849 | D:5      | Found a staircase to the Ecumenical Temple.
  3857 | Temple   | Entered the Ecumenical Temple
  3919 | Temple   | Became a worshipper of Vehumet
  4453 | D:5      | Reached skill level 5 in Spellcasting
  4547 | Temple   | Reached skill level 8 in Fire Magic
  4656 | D:5      | Learned a level 4 spell: Flame Wave
  4660 | D:5      | Learned a level 3 spell: Conjure Flame
  4711 | D:4      | Found a runed translucent gate.
  4711 | D:4      | Found a runed translucent gate.
  4711 | D:4      | Found a runed translucent gate.
  4714 | D:4      | Noticed yunder69's ghost (amateur MiBe)
  4753 | D:4      | Reached XP level 8. HP: 57/57 MP: 10/15
  5345 | D:4      | Reached * piety under Vehumet
  5345 | D:4      | Offered knowledge of Sandblast by Vehumet.
  5463 | D:4      | Reached skill level 9 in Fire Magic
  6060 | D:6      | Identified the +8 scimitar of Discord {antimagic, rElec
                  | Str+3}
  6082 | D:6      | Reached skill level 1 in Fighting
  6356 | D:6      | Reached skill level 1 in Hexes
  6739 | D:7      | Reached XP level 9. HP: 67/67 MP: 14/18
  6809 | D:7      | Noticed Joseph
  6816 | D:7      | Killed Joseph
  6960 | D:7      | Noticed Dowan
  7079 | D:7      | Noticed Menkaure
  7087 | D:7      | Reached ** piety under Vehumet
  7087 | D:7      | Offered knowledge of Shock by Vehumet.
  7090 | D:7      | Killed Menkaure
  7099 | D:7      | Reached skill level 10 in Fire Magic
  7289 | D:7      | Noticed Duvessa
  7309 | D:7      | Killed Duvessa
  7313 | D:7      | Killed Dowan
  7893 | D:8      | Found a basalt altar of Yredelemnul.
  7898 | D:8      | Noticed a skeletal warrior
  8292 | D:9      | Found a flagged portal.
  8317 | Bailey   | Entered a bailey
  8390 | Bailey   | Offered knowledge of Ignite Poison by Vehumet.
  8395 | Bailey   | Learned a level 3 spell: Ignite Poison
  8518 | Bailey   | Reached XP level 10. HP: 62/78 MP: 2/20
  8671 | Bailey   | Noticed an orc knight
  8705 | Bailey   | Killed an orc knight
  8705 | Bailey   | Reached *** piety under Vehumet
  9271 | D:9      | Noticed Pikel
  9280 | D:9      | Killed Pikel
  9317 | D:9      | Reached skill level 1 in Shields
  9320 | D:9      | Reached skill level 11 in Fire Magic
  9381 | D:9      | Found Qupyluq's Weapon Shoppe.
  9542 | D:6      | Bought an amulet of magic regeneration for 300 gold pieces
  9654 | D:3      | Killed horus123's ghost
  9733 | D:4      | Killed yunder69's ghost
  9733 | D:4      | Offered knowledge of Olgreb's Toxic Radiance by Vehumet.
  9981 | D:9      | Noticed a two-headed ogre
 10007 | D:9      | Killed a two-headed ogre
 10008 | D:9      | Reached skill level 5 in Fighting
 10249 | D:9      | Found a staircase to the Lair.
 10630 | D:10     | Entered Level 10 of the Dungeon
 10659 | D:10     | Learned a level 4 spell: Olgreb's Toxic Radiance
 10796 | D:10     | Noticed a tengu warrior
 10820 | D:10     | Killed a tengu warrior
 10821 | D:10     | Reached XP level 11. HP: 88/88 MP: 15/22
 10848 | D:10     | Found a runed translucent door.
 10858 | D:10     | Noticed a boulder beetle
 10861 | D:10     | Noticed a red ugly thing
 10881 | D:10     | Reached skill level 5 in Conjurations
 10887 | D:10     | Reached skill level 1 in Poison Magic
 11018 | D:10     | Reached skill level 5 in Dodging
 11211 | D:10     | Found a runed translucent door.
 11213 | D:10     | Noticed a green ugly thing
 11215 | D:10     | Found a runed translucent door.
 11215 | D:10     | Noticed a centaur warrior
 11217 | D:10     | Found a runed translucent door.
 11217 | D:10     | Noticed a white ugly thing
 11294 | D:10     | Identified the ring "Fume" {rF+ Will+}
 11337 | D:10     | Slain by a boulder beetle

Illustrated notes

Levels and vault maps discovered:
D:1:      dpeg_arrival_tiny_j, layout_rooms, minmay_splitting_lines
D:2:      layout_basic, hellmonk_ecumenical_altar_leap_of_faith,
          kennysheep_generic_room_5
D:3:      layout_rooms, gammafunk_ghost_smash, chequers_serial_rivers_marsh
D:4:      layout_rooms, gammafunk_ghost_necromancy
D:5:      layout_rooms, xom_butterflies, minmay_temple_entry_drinking_statues
D:6:      kennysheep_slugbush, layout_gridville, grunt_gozag_statues,
          nicolae_shop_sticking_my_neck_out
D:7:      nicolae_BIG_FREAKIN_CUBE, layout_gridville, uniq_menkaure,
          uniq_duvessa, uniq_joseph
D:8:      layout_basic, mainiacjoe_overflow_large_starburst
D:9:      layout_basic, dpeg_oklobed_lair, serial_shops,
          nicolae_shop_waterfront, enter_bailey_6, uniq_pikel
D:10:     minmay_the_grid_triangle_9x9_recursive_2_mashed
          [minmay_the_grid_triangle_9x9_prize_special,
          minmay_the_grid_triangle_9x9_fully_insulated_deathbox,
          minmay_the_grid_triangle_9x9_intruding_spiral,
          minmay_the_grid_triangle_9x9_subtriangle], layout_rooms
Temple:   eino_narrow_crystal_temple

Skill      XL: |  1  2  3  4  5  6  7  8  9 10 11 |
---------------+----------------------------------+-----
Fire Magic     | 4 5 6 8 9 10 11 | 11.6
Spellcasting   | 3 4 5 6 7 |  7.5
Dodging        | 2 3 4 5 |  5.0
Fighting       | 2 3 5 |  5.3
Hexes          | 1 3 4 |  4.1
Conjurations   | 2 3 4 5 |  5.1
Shields        | 2 |  2.8
Poison Magic   | 1 |  1.5
Stealth        | |  1.7

Action                   |  1- 3 |  4- 6 |  7- 9 | 10-12 || total
-------------------------+-------+-------+-------+-------++-------
Melee: Unarmed           |    12 |       |       |       ||    12
       Tailslap          |     8 |     1 |    14 |     4 ||    27
       Spear             |    67 |    17 |     3 |       ||    87
       Trident           |       |       |    95 |    39 ||   134
       Scimitar          |       |       |     8 |       ||     8
 Cast: Foxfire           |    47 |    29 |    92 |    31 ||   199
       Scorch            |     1 |    14 |    86 |    30 ||   131
       Inner Flame       |       |       |    30 |     9 ||    39
       Conjure Flame     |       |       |     1 |       ||     1
       Ignite Poison     |       |       |       |    14 ||    14
 Abil: Breathe Noxious F |       |       |    32 |    19 ||    51
  Use: Scroll            |       |     2 |     7 |     4 ||    13
 Stab: Sleeping          |     2 |     1 |       |     1 ||     4
       Confused          |       |       |     4 |     1 ||     5
Armor: Skin              |    18 |    13 |    28 |    10 ||    69
Dodge: Dodged            |    52 |    35 |   115 |    53 ||   255
Block: Kite shield       |       |       |       |     9 ||     9
       Buckler           |       |       |       |     6 ||     6

Table legend: (Time is in decaauts)
 A = Elapsed time spent in this place.
 B = Non-inter-level travel time spent in this place.
 C = Inter-level travel time spent in this place.
 D = Time resting spent in this place.
 E = Time spent auto-exploring this place.
 F = Levels seen in this place.
 G = Mean time per level.
                   A        B        C        D        E       F      G
               +--------+--------+--------+--------+--------+-----+--------+
         Total |  11424 |  10957 |    467 |   1191 |   6722 |  12 |  952.0 |
       Dungeon |  10498 |  10043 |    455 |    953 |   6381 |  10 | 1049.8 |
        Temple |    182 |    170 |     12 |     89 |     50 |   1 |  182.0 |
        Bailey |    743 |    743 |      0 |    149 |    291 |   1 |  743.0 |
               +--------+--------+--------+--------+--------+-----+--------+

Top non-repeatable levels by time:
     D:6: 1555 daAuts
     D:1: 1362 daAuts
     D:9: 1211 daAuts
     D:5: 1202 daAuts
     D:2: 1178 daAuts
     D:7: 1046 daAuts
     D:3: 787 daAuts
  Bailey: 743 daAuts
     D:4: 726 daAuts
    D:10: 714 daAuts
     D:8: 712 daAuts
  Temple: 182 daAuts
